 Dungeon Crawl Stone Soup version 0.23.0-2-g0fe3ce5 (webtiles) character file.

Game seed: 4180504126005546379

157 vishdafish the Charmwright (level 5, -1/43 HPs)
             Began as a Gnoll Skald on Feb 19, 2019.
             Slain by an orc
             ... wielding a +0 falchion
              (9 damage)
             ... on level 2 of the Dungeon.
             The game lasted 00:04:16 (2735 turns).

vishdafish the Charmwright (Gnoll Skald)            Turns: 2735, Time: 00:04:17

Health: -1/43      AC:  3    Str: 13    XL:     5   Next: 38%
Magic:  12/12      EV: 14    Int: 17    God:
Gold:   84         SH:  0    Dex: 14    Spells: 9/14 levels left

rFire    . . .     SeeInvis .   a - +0 falchion
rCold    . . .     Gourm    .   (no shield)
rNeg     . . .     Faith    .   b - +0 leather armour
rPois    .         Spirit   .   (no helmet)
rElec    .         Reflect  .   (no cloak)
rCorr    .         Harm     .   (no gloves)
MR       .....                  (no boots)
Stlth    ++........             (no amulet)
HPRegen  0.14/turn              (no ring)
MPRegen  0.13/turn              (no ring)

@: no status effects
A: distributed training, fangs 1, strong nose
a: no special abilities


You were on level 2 of the Dungeon.
You were hungry.

You visited 1 branch of the dungeon, and saw 3 of its levels.

You collected 84 gold pieces.

Inventory:

Hand Weapons
 a - a +0 falchion (weapon)
Armour
 b - a +0 leather armour (worn)
Scrolls
 c - a scroll of identify
 e - 2 scrolls of immolation
 g - 2 scrolls of magic mapping
 h - a scroll of fog {unknown}
 i - a scroll of blinking {unknown}
Comestibles
 d - 5 rations


   Skills:
 + Level 4.7 Fighting
 + Level 1.4 Short Blades
 + Level 4.7 Long Blades
 + Level 1.4 Axes
 + Level 1.4 Maces & Flails
 + Level 1.4 Polearms
 + Level 1.4 Staves
 + Level 1.4 Slings
 + Level 1.4 Bows
 + Level 1.4 Crossbows
 + Level 1.4 Throwing
 + Level 2.9 Armour
 + Level 4.7 Dodging
 + Level 1.4 Stealth
 + Level 1.4 Shields
 + Level 1.4 Unarmed Combat
 + Level 5.2 Spellcasting
 + Level 1.1 Conjurations
 + Level 1.1 Hexes
 + Level 5.5 Charms
 + Level 1.1 Summonings
 + Level 1.1 Necromancy
 + Level 1.1 Translocations
 + Level 1.1 Transmutations
 + Level 1.1 Fire Magic
 + Level 1.1 Ice Magic
 + Level 1.1 Air Magic
 + Level 1.1 Earth Magic
 + Level 1.1 Poison Magic
 + Level 1.6 Invocations
 + Level 1.4 Evocations


You had 9 spell levels left.
You knew the following spells:

 Your Spells              Type           Power        Failure   Level  Hunger
a - Infusion              Chrm           ###.         1%          1    None
b - Song of Slaying       Chrm           ###.....     2%          2    #......
c - Shroud of Golubria    Chrm/Tloc      ###.......   7%          2    #......

Your spell library contained the following spells:

 Spells                   Type           Power        Failure   Level  Hunger
 Regeneration             Chrm/Necr      ###.......   14%         3    ###....
 Spectral Weapon          Hex/Chrm       ###.....     14%         3    ###....


Dungeon Overview and Level Annotations

Branches:
Dungeon (3/15)

Altars:
Xom


Innate Abilities, Weirdness & Mutations

Your experience applies equally to all skills.
You have very sharp teeth.
Your uncanny sense of smell can sniff out nearby items.


Message History

You are too injured to fight recklessly!
You are too injured to fight recklessly!
You closely miss the orc. The orc hits you with a +0 falchion.
You closely miss the orc. The orc closely misses you.
You hit the orc but do no damage. The orc hits you with a +0 falchion.
You hit the orc but do no damage. You bite the orc.
The orc is moderately wounded.
The orc hits you with a +0 falchion.
* * * LOW HITPOINT WARNING * * *
You hit the orc. Your bite misses the orc.
The orc is severely wounded.
The orc hits you with a +0 falchion.
* * * LOW HITPOINT WARNING * * *
You barely miss the orc.
The orc is severely wounded.
The orc closely misses you.
You hit the orc but do no damage.
The orc is severely wounded.
The orc hits you with a +0 falchion!
You die...

##.##.)....# #.# #####.#
##...#.####.###'## #......
##......# #.##...###..##.#
#.......####.#.....##..##.#
#..........#........#..##..
#.......##.#.............(.
##.........................
##......o.).........#.#...
#####.###@##.......##.....
#...#####.###.....#####...
#.........# ##...## #..#
#...####### ##'## #..#
##.## #.# #... #.#
########.########.# #.#
#..............##.# #.#
#.#####....###.##.#
#.#####.# #............#


You could see an orc.

Vanquished Creatures
  An orc priest (D:2)
  4 adders (D:2)
  5 oozes
  2 worms (D:2)
  A dart slug (D:1)
  A leopard gecko (D:2)
  An orc (D:2)
  10 giant cockroaches (D:1)
  6 goblins
  6 hobgoblins
  5 jackals (D:1)
  4 bats
  3 frilled lizards
  4 kobolds
  6 rats
59 creatures vanquished.

Notes
Turn   | Place    | Note
-------+----------+-------------------------------------------
     0 | D:1      | vishdafish the Gnoll Skald began the quest for the Orb.
     0 | D:1      | Reached XP level 1. HP: 20/20 MP: 6/6
     1 | D:1      | Found a runed translucent door.
   103 | D:1      | Reached XP level 2. HP: 26/26 MP: 7/7
   314 | D:1      | Reached XP level 3. HP: 31/31 MP: 9/9
   484 | D:1      | Reached skill level 5 in Spellcasting
   677 | D:1      | Learned a level 2 spell: Song of Slaying
   680 | D:1      | Learned a level 2 spell: Shroud of Golubria
   715 | D:1      | Reached skill level 1 in Invocations
   725 | D:1      | Reached skill level 1 in Short Blades
   725 | D:1      | Reached skill level 1 in Axes
   725 | D:1      | Reached skill level 1 in Maces & Flails
   725 | D:1      | Reached skill level 1 in Polearms
   725 | D:1      | Reached skill level 1 in Staves
   725 | D:1      | Reached skill level 1 in Slings
   725 | D:1      | Reached skill level 1 in Bows
   725 | D:1      | Reached skill level 1 in Crossbows
   725 | D:1      | Reached skill level 1 in Throwing
   725 | D:1      | Reached skill level 1 in Stealth
   725 | D:1      | Reached skill level 1 in Shields
   725 | D:1      | Reached skill level 1 in Unarmed Combat
   725 | D:1      | Reached skill level 1 in Evocations
   726 | D:1      | Reached XP level 4. HP: 21/38 MP: 9/11
  1151 | D:2      | Reached skill level 1 in Conjurations
  1151 | D:2      | Reached skill level 1 in Hexes
  1151 | D:2      | Reached skill level 1 in Summonings
  1151 | D:2      | Reached skill level 1 in Necromancy
  1151 | D:2      | Reached skill level 1 in Translocations
  1151 | D:2      | Reached skill level 1 in Transmutations
  1151 | D:2      | Reached skill level 1 in Fire Magic
  1151 | D:2      | Reached skill level 1 in Ice Magic
  1151 | D:2      | Reached skill level 1 in Air Magic
  1151 | D:2      | Reached skill level 1 in Earth Magic
  1151 | D:2      | Reached skill level 1 in Poison Magic
  2013 | D:2      | Reached XP level 5. HP: 15/43 MP: 12/12
  2341 | D:3      | Found a shimmering altar of Xom.
  2368 | D:2      | HP: 2/43 [poisoned by an adder]
  2735 | D:2      | Slain by an orc

Skill      XL: |  1  2  3  4 |
---------------+-------------+-----
Spellcasting   | 5 |  5.2
Invocations    | 1 |  1.6
Short Blades   | 1 |  1.4
Axes           | 1 |  1.4
Maces & Flails | 1 |  1.4
Polearms       | 1 |  1.4
Staves         | 1 |  1.4
Slings         | 1 |  1.4
Bows           | 1 |  1.4
Crossbows      | 1 |  1.4
Throwing       | 1 |  1.4
Stealth        | 1 |  1.4
Shields        | 1 |  1.4
Unarmed Combat | 1 |  1.4
Evocations     | 1 |  1.4
Conjurations   | 1 |  1.1
Hexes          | 1 |  1.1
Summonings     | 1 |  1.1
Necromancy     | 1 |  1.1
Translocations | 1 |  1.1
Transmutations | 1 |  1.1
Fire Magic     | 1 |  1.1
Ice Magic      | 1 |  1.1
Air Magic      | 1 |  1.1
Earth Magic    | 1 |  1.1
Poison Magic   | 1 |  1.1
Fighting       | |  4.7
Long Blades    | |  4.7
Armour         | |  2.9
Dodging        | |  4.7
Charms         | |  5.5

Action                   |  1- 3 |  4- 6 || total
-------------------------+-------+-------++-------
Melee: Falchion          |    79 |    98 ||   177
       Bite              |     6 |    14 ||    20
       Punch             |       |     1 ||     1
 Cast: Song of Slaying   |     2 |       ||     2
       Shroud of Golubri |     1 |       ||     1
  Use: Scroll            |       |     4 ||     4
 Stab: Sleeping          |     1 |     1 ||     2
  Eat: Chunk             |       |     2 ||     2
       Ration            |       |     1 ||     1
Armor: Leather armour    |    27 |    10 ||    37
Dodge: Dodged            |    84 |    62 ||   146
       Rpst.: Falchion   |    28 |    22 ||    50
